 Dungeon Crawl Stone Soup version 0.29.1-13-g9f3cf754e1 (webtiles) character file.

Game seed: 15128776469737839159

62 croobank the Conjurer (level 3, 0/24 HPs)
             Began as a Demonspawn Conjurer on Jan 22, 2023.
             Killed by nerve-wracking pain
             ... invoked by Jessica
              (14 damage)
             ... on level 2 of the Dungeon.
             The game lasted 00:04:42 (1522 turns).

croobank the Conjurer (Demonspawn Conjurer)         Turns: 1522, Time: 00:04:43

Health: 0/24       AC:  4    Str:  7    XL:     3   Next: 85%
Magic:  0/6        EV: 12    Int: 21    God:
Gold:   57         SH:  0    Dex: 11    Spells: 4/7 levels left

rFire   . . .      SeeInvis .   (no weapon)
rCold   . . .      Faith    .   (no shield)
rNeg    . . .      Spirit   .   a - +0 robe
rPois   .          Reflect  .   (helmet restricted)
rElec   .          Harm     .   (no cloak)
rCorr   .          Rampage  .   (no gloves)
Will    .....                   (no boots)
Stlth   ++........              (no amulet)
HPRegen 0.08/turn               (no ring)
MPRegen 0.10/turn               (no ring)

@: lethally poisoned (0 -> -1)
A: horns 1, icy blue scales 1
a: no special abilities


You were on level 2 of the Dungeon.
You visited 1 branch of the dungeon, and saw 2 of its levels.

You collected 57 gold pieces.

Inventory:

Armour
 a - a +0 robe (worn)
Scrolls
 c - a scroll of teleportation {unknown}
 e - a scroll of blinking {unknown}
 f - a scroll of identify {unknown}
Potions
 b - a potion of magic
 d - a potion of flight {unknown}


   Skills:
 + Level 2.4 Dodging
 + Level 2.5 Stealth
 + Level 2.5 Spellcasting
 + Level 4.4 Conjurations


You had 4 spell levels left.
You knew the following spells:

 Your Spells              Type           Power      Damage    Failure   Level
a - Magic Dart            Conj           84%        1d7       2%          1
b - Searing Ray           Conj           42%        2d6       3%          2

Your spell library contained the following spells:

 Spells                   Type           Power      Damage    Failure   Level
 Dazzling Flash           Conj/Hex       22%        N/A       17%         3
 Ensorcelled Hibernation  Hex/Ice        4%         N/A       22%         2
 Passwall                 Tmut/Erth      1%         N/A       22%         2
 Swiftness                Air            2%         N/A       38%         3
 Fulminant Prism          Conj/Hex       5%         3d7       50%         4
 Iskenderun's Mystic Bla  Conj/Tloc      11%        2d4       50%         4


Dungeon Overview and Level Annotations

Branches:
Dungeon (2/15)

Altars:

Annotations:
D:2 Jessica


Innate Abilities, Weirdness & Mutations

You have a pair of small horns on your head.
You are partially covered in icy blue scales. (AC +2)


Message History

Casting: Searing Ray (safe; 3% risk of failure)
Confirm with . or Enter, or press ? or * to list all spells.
Aiming: Searing Ray (safe; 3% risk of failure)
Press: ? - help, Shift-Dir - straight line, f - adder
Aim: an adder (63% to hit)
The searing ray hits the adder.
The adder is heavily wounded.
The searing ray misses the adder. (Press . to maintain the ray.)
The searing ray misses the adder. x2; The adder bites you.
You are poisoned.
The adder poisons you!
The searing ray hits the adder!
You kill the adder!
The searing ray hits the adder!
You kill the adder!
You feel sick.
The searing ray hits Jessica.
Jessica is moderately wounded.
You finish channelling your searing ray.
You feel sick. Jessica hits you with a +0 club.
Casting: Searing Ray (safe; 3% risk of failure)
Confirm with . or Enter, or press ? or * to list all spells.
You don't have enough magic to cast this spell.
Unknown command.
Casting: Searing Ray (safe; 3% risk of failure)
Confirm with . or Enter, or press ? or * to list all spells.
Aiming: Magic Dart (safe; 2% risk of failure)
Press: ? - help, Shift-Dir - straight line, f - Jessica
Aim: Jessica, wielding a +0 club, wearing a +0 robe and carrying a wand of roots (13) (moderately wounded, fast, 100% to hit)
The magic dart hits Jessica.
Jessica is severely wounded.
You feel sick. Jessica misses you.
You barely miss Jessica.
Jessica is severely wounded.
You feel sick. Jessica hits you with a +0 club. Jessica casts a spell at you.
Pain shoots through your body!
Ouch! That really hurt!
You die...

######## .......#
.......# ......
...#####
#######.#<..#####
........@........
#######@###.#####
#†# ... #.#######
#....<)!.
........#######
...!....#
...$.....
.........


You could see Jessica (fast).

Vanquished Creatures
  A gnoll (D:1)
  2 adders (D:2)
  A dart slug (D:1)
  2 bats (D:1)
  2 endoplasms
  3 giant cockroaches (D:1)
  2 goblins (D:1)
  2 hobgoblins (D:1)
  6 ball pythons (D:1)
  10 frilled lizards (D:1)
  2 rats (D:1)
33 creatures vanquished.

Vanquished Creatures (others)
  7 plants (D:1)
7 creatures vanquished.

Grand Total: 40 creatures vanquished

Notes
Turn   | Place    | Note
-------+----------+-------------------------------------------
     0 | D:1      | croobank the Demonspawn Conjurer began the quest for the
                  | Orb.
     0 | D:1      | Reached XP level 1. HP: 13/13 MP: 3/3
   414 | D:1      | Gained mutation: You are partially covered in icy blue
                  | scales. (AC +2) [demonic ancestry]
   414 | D:1      | Reached XP level 2. HP: 17/19 MP: 1/5
   450 | D:1      | Learned a level 2 spell: Searing Ray
   598 | D:1      | Found a faded altar of an unknown god.
  1230 | D:1      | Gained mutation: You have a pair of small horns on your
                  | head. [demonic ancestry]
  1230 | D:1      | Reached XP level 3. HP: 20/24 MP: 1/6
  1507 | D:2      | Noticed Jessica
  1522 | D:2      | Killed from afar by Jessica

Illustrated notes

Levels and vault maps discovered:
D:1:      lightli_arrival_isolated_outpost, layout_basic,
          nicolae_ecumenical_snake_handling, dreamdust_princess_bridge,
          minmay_lizard_king
D:2:      layout_basic, uniq_jessica

Skill      XL: |  1 |
---------------+----+-----
Dodging        | 2 |  2.4
Stealth        | 2 |  2.5
Spellcasting   | |  2.5
Conjurations   | |  4.4

Action                   || total
-------------------------++-------
Melee: Unarmed           ||    19
 Cast: Magic Dart        ||    32
       Searing Ray       ||     8
 Stab: Sleeping          ||     1
Armor: Robe              ||     5
Dodge: Dodged            ||    26
